 Dungeon Crawl Stone Soup version 0.32-a0-338-g4f8ebfe (webtiles) character file.

Game seed: 11983424516066036230

5 edsrzf the Chopper (level 1, -7/17 HPs)
             Began as a Mountain Dwarf Reaver on Feb 16, 2024.
             Mangled by a kobold
             ... wielding a +2 dagger of electrocution
              (19 damage)
             ... on level 1 of the Dungeon.
             The game lasted 00:00:37 (129 turns).

edsrzf the Chopper (Mountain Dwarf Reaver)           Turns: 129, Time: 00:00:37

Health: -7/17      AC:  3    Str: 14    XL:     1   Next: 66%
Magic:  3/3        EV: 11    Int: 13    God:
Gold:   31         SH:  0    Dex:  8    Spells: 3/4 levels left

rFire   . . .        b - +5 spear
rCold   . . .        (no shield)
rNeg    . . .        c - +0 leather armour
rPois   .            (no helmet)
rElec   .            (no cloak)
rCorr   .            (no gloves)
SInv    .            (no boots)
Will    .....        (no amulet)
Stlth   +            (no ring)
HPRegen 0.22/turn    (no ring)
MPRegen 0.08/turn

%: no passive effects
@: no status effects
A: runic magic, artefact enchanting
a: no special abilities


You were on level 1 of the Dungeon.
You visited 1 branch of the dungeon, and saw 1 of its levels.

You collected 31 gold pieces.

Inventory:

Hand Weapons
 a - a +0 hand axe
 b - a +5 spear (weapon)
Armour
 c - a +0 leather armour (worn)


   Skills:
 - Level 2.1 Fighting
 - Level 3.6 Axes
 - Level 1.3 Dodging
 - Level 2.0 Spellcasting
 + Level 2.9 Conjurations
 + Level 0.0 Necromancy


You had 3 spell levels left.
You knew the following spells:

 Your Spells              Type           Power      Damage    Failure   Level
a - Kiss of Death         Conj/Necr      20%        2d7       14%         1

Your spell library contained the following spells:

 Spells                   Type           Power      Damage    Failure   Level
 Momentum Strike          Conj/Tloc      10%        3d8       22%         2
 Hailstorm                Conj/Ice       5%         3d5       41%         3
 Fugue of the Fallen      Necr           1%         N/A       61%         3
 Ozocubu's Armour         Ice            1%         N/A       61%         3
 Manifold Assault         Tloc           1%         N/A       95%         4


Dungeon Overview and Level Annotations

Branches:
Dungeon (1/15)

Altars:


Innate Abilities, Weirdness & Mutations

Your spellcasting is much less encumbered by armour.
You can use scrolls of enchantment on lesser artefacts.


Message History

Welcome, edsrzf the Mountain Dwarf Reaver.
The heart of this dungeon contains the fabulous artefact, the Orb of Zot.
Press ? for a list of commands and other information.
Found a staircase leading out of the dungeon.
Autoexplore enabled for D:1 You open the large door.
There is a large open door here.
You now have 17 gold pieces.
Found a ring mail.
You pick up a book of Battle and begin reading...
You add the spells Fugue of the Fallen, Ozocubu's Armour and Manifold Assault to your library.
Okay, then.
You see here a +5 spear.
A bat comes into view.
You miss the bat. The bat hits you but does no damage.
You hit the bat.
The bat is severely wounded.
The bat hits you. The bat hits you but does no damage.
The bat barely misses you.
You barely miss the bat.
The bat is severely wounded.
The bat hits you but does no damage.
You barely miss the bat.
The bat is moderately wounded.
The bat closely misses you. The bat closely misses you.
You miss the bat. The bat hits you but does no damage.
You barely miss the bat. The bat barely misses you.
You miss the bat. The bat hits you but does no damage. x2
You hit the bat.
You kill the bat!
Search for what [? for help]? spear You see here a +5 spear.
c - a +5 spear Adjust (i)tems, (s)pells, or (a)bilities?
c - a +5 spear Adjust to which letter? (? for menu, Esc to quit)
b - a +5 spear;
c - a +0 leather armour (worn)
b - a +5 spear (weapon)
An endoplasm comes into view.
The endoplasm quivers.
You reach to attack!
You hit the endoplasm.
The endoplasm is severely wounded.
You puncture the endoplasm!
You kill the endoplasm!
You enter the shallow water.
Moving in this stuff is going to be slow.
A hobgoblin comes into view.
The hobgoblin shouts!
You reach to attack!
You barely miss the hobgoblin. You hit the hobgoblin.
The hobgoblin is severely wounded.
The hobgoblin hits you but does no damage.
You barely miss the hobgoblin.
The hobgoblin is severely wounded.
The hobgoblin closely misses you.
You barely miss the hobgoblin.
The hobgoblin is severely wounded.
The hobgoblin hits you.
You hit the hobgoblin.
You kill the hobgoblin!
Your Spellcasting skill increases to level 2!
Unknown command.
HP restored.
Found a ring mail.
You see here a +0 ring mail.
Found a stone staircase leading down.
You now have 31 gold pieces (gained 14).
Okay, then.
A kobold comes into view.
It is wielding a +2 dagger of electrocution.
The kobold shouts!
You reach to attack!
You barely miss the kobold.
An endoplasm comes into view.
You closely miss the kobold.
The endoplasm quivers.
The kobold closely misses you.
You closely miss the kobold.
The kobold hits you with a +2 dagger of electrocution.
You are electrocuted!!
Ouch! That really hurt!
You die...

#≈~.# #.. ...
.....###~.+ #.. . ..
..##.###### #~. ..
...#..##..# #~~ ...
...........#######≈≈
#.. #......##......###≈
#...##.....##.......##≈
#....K...............##
#@....##..........
...###.....###..######.
..........[......# #.
.#..####.#######.# #.
.. #.# #.# ## #.# #.#
... ... >.. .## ..... .


You could see a kobold.

Vanquished Creatures
  An endoplasm (D:1)
  A hobgoblin (D:1)
  A bat (D:1)
3 creatures vanquished.

Notes
Turn   | Place    | Note
-------+----------+-------------------------------------------
     0 | D:1      | edsrzf the Mountain Dwarf Reaver began the quest for the
                  | Orb.
     0 | D:1      | Reached XP level 1. HP: 17/17 MP: 3/3
   100 | D:1      | Reached skill level 2 in Spellcasting
   129 | D:1      | Mangled by a kobold

Illustrated notes

Levels and vault maps discovered:
D:1:      denvon_arrival_waterhouse, layout_rooms,
          chequers_ecumenical_altar_simple_redux

Skill      XL: |  1 |
---------------+----+-----
Spellcasting   | 2 |  2.0
Fighting       | |  2.1
Axes           | |  3.6
Dodging        | |  1.3
Conjurations   | |  2.9

Action                     || total
---------------------------++-------
  Melee: Spear             ||    10
         Hand axe          ||     8
 Armour: Leather armour    ||    10
  Dodge: Dodged            ||     6

Table legend: (Time is in decaauts)
 A = Elapsed time spent in this place.
 B = Non-inter-level travel time spent in this place.
 C = Inter-level travel time spent in this place.
 D = Time resting spent in this place.
 E = Time spent auto-exploring this place.
 F = Levels seen in this place.
 G = Mean time per level.
                   A        B        C        D        E       F      G
               +--------+--------+--------+--------+--------+-----+--------+
         Total |    130 |    112 |     18 |      0 |     64 |   1 |  130.0 |
       Dungeon |    130 |    112 |     18 |      0 |     64 |   1 |  130.0 |
               +--------+--------+--------+--------+--------+-----+--------+

Top non-repeatable levels by time:
     D:1: 130 daAuts
